 Dungeon Crawl Stone Soup version 0.27.1-1-g398f81649c (webtiles) character file.

Game seed: 12598200167211000725

14958 MisterFreud the Blocker (level 12, -2/97 HPs)
             Began as a Gnoll Fighter on Sept 7, 2021.
             Was a High Priest of Trog.
             Slain by a death knight (17 damage)
             ... on level 11 of the Dungeon.
             The game lasted 00:22:59 (12673 turns).

MisterFreud the Blocker (Gnoll Fighter)            Turns: 12673, Time: 00:23:00

Health: -2/97      AC: 28    Str: 23    XL:     12   Next: 22%
Magic:  22/22      EV: 13    Int:  7    God:    Trog [*****.]
Gold:   687        SH: 12    Dex: 13    Spells: 25/25 levels left

rFire    . . .     SeeInvis .   F - +1 short sword (protect)
rCold    . . .     Faith    .   c - +0 kite shield
rNeg     + . .     Spirit   .   C - +5 ring mail "Cimponer" {rN+ Str+3}
rPois    .         Reflect  .   (no helmet)
rElec    .         Harm     .   (no cloak)
rCorr    .         Rampage  .   Z - +0 pair of gloves
Will     .....                  G - +2 pair of boots
Stlth    +++.......             D - amulet of the acrobat
HPRegen  0.26/turn              z - +4 ring of protection
MPRegen  0.18/turn              g - ring of flight

@: weak-willed, under a protective aura, on berserk cooldown, flying, slowed,
very slow
A: fangs 1, strong nose, distributed training
a: Renounce Religion, Berserk, Trog's Hand, Brothers in Arms


You were on level 11 of the Dungeon.
You worshipped Trog.
Trog was extremely pleased with you.
You visited 2 branches of the dungeon, and saw 12 of its levels.

You collected 687 gold pieces.

Inventory:

Hand Weapons
 a - a +0 rapier
 i - a +3 dagger
 j - a +2 falchion of holy wrath
 F - a +1 short sword of protection (weapon)
 U - a +2 scimitar of flaming
Missiles
 f - 6 javelins (quivered)
 p - 365 stones
 x - 90 arrows
 B - 5 throwing nets
 H - 43 poisoned darts
 J - 36 sling bullets
 L - 43 bolts
 N - 10 boomerangs
Armour
 c - a +0 kite shield (worn)
 C - the +5 ring mail "Cimponer" (worn) {rN+ Str+3}
   (You found it on level 6 of the Dungeon)

   Str:       It affects your strength (+3).
   rN:        It protects you from negative energy.
 G - a +2 pair of boots (worn)
 Z - a +0 pair of gloves (worn)
Jewellery
 g - a ring of flight (right hand)
 z - a +4 ring of protection (left hand)
 D - an amulet of the acrobat (around neck)
 O - an amulet of regeneration
Wands
 o - a wand of mindburst (36)
 y - a wand of polymorph (37)
 E - a wand of paralysis (7)
 Q - a wand of iceblast (8)
 S - a wand of charming (10)
 X - a wand of flame (18)
Scrolls
 b - a scroll of amnesia {unknown}
 h - 2 scrolls of summoning {unknown}
 m - 2 scrolls of brand weapon {unknown}
 q - 3 scrolls of enchant weapon {unknown}
 r - 4 scrolls of vulnerability {unknown}
 s - a scroll of torment {unknown}
 u - 2 scrolls of fog {unknown}
 A - 3 scrolls of teleportation
 I - 3 scrolls of fear {unknown}
 M - a scroll of noise {unknown}
 P - 2 scrolls of magic mapping {unknown}
Potions
 d - 4 potions of might
 e - a potion of resistance
 k - 2 potions of invisibility
 l - 2 potions of berserk rage
 n - 4 potions of magic
 t - 3 potions of degeneration
 v - 6 potions of curing {unknown}
 w - a potion of flight
 K - a potion of heal wounds
 R - a potion of cancellation {unknown}
 W - a potion of haste {unknown}
 Y - 6 potions of ambrosia


   Skills:
 + Level 9.7 Fighting
 + Level 8.5 Short Blades
 + Level 7.1 Long Blades
 + Level 7.1 Axes
 + Level 7.1 Maces & Flails
 + Level 7.1 Polearms
 + Level 7.1 Staves
 + Level 7.1 Slings
 + Level 7.1 Bows
 + Level 7.1 Crossbows
 + Level 7.1 Throwing
 + Level 9.7 Armour
 + Level 7.1 Dodging
 + Level 7.1 Stealth
 + Level 9.7 Shields
 + Level 7.1 Unarmed Combat
 + Level 7.1 Spellcasting
 + Level 5.8 Conjurations
 + Level 5.8 Hexes
 + Level 5.8 Summonings
 + Level 5.8 Necromancy
 + Level 5.8 Translocations
 + Level 5.8 Transmutations
 + Level 5.8 Fire Magic
 + Level 5.8 Ice Magic
 + Level 5.8 Air Magic
 + Level 5.8 Earth Magic
 + Level 5.8 Poison Magic
 + Level 7.7 Invocations
 + Level 7.1 Evocations


You had 25 spell levels left.
You didn't know any spells.
Your spell library was empty.

Dungeon Overview and Level Annotations

Branches:
Dungeon (11/15)            Temple (1/1) D:7            Lair (0/6) D:11
    Orc (0/2) D:9

Altars:
Gozag
Hepliaklqana
Kikubaaqudgha
Sif Muna
Trog

Shops:
D:4 [

Annotations:
D:5 Dowan, Duvessa


Innate Abilities, Weirdness & Mutations

You have very sharp teeth.
Your uncanny sense of smell can sniff out nearby items.
Your experience applies equally to all skills.


Message History

You puncture the death knight!
The death knight is heavily wounded.
Your skin stops crawling.
You feel less strong-willed.
You hit the death knight.
The death knight is heavily wounded.
The death knight hits you but does no damage.
The phantasmal warrior blinks!
The phantasmal warrior misses you.
You hit the death knight.
The death knight is heavily wounded.
The death knight mumbles some strange prayers to Yredelemnul against you.
Your body is wracked with pain!
* * * LOW HITPOINT WARNING * * *
You hit the death knight.
The death knight is severely wounded.
The phantasmal warrior closely misses you.
You closely miss the death knight.
The death knight is severely wounded.
You hit the death knight.
The death knight is severely wounded.
The death knight offers itself to Yredelemnul, and fills with unholy energy.
The phantasmal warrior blinks!
The phantasmal warrior hits you!
* * * LOW HITPOINT WARNING * * *
You hit the death knight.
The death knight is severely wounded.
The death knight reflects your damage back at you!
You block the death knight's attack.
You hit the death knight.
The death knight is severely wounded.
The death knight reflects your damage back at you!
The phantasmal warrior hits you.
* * * LOW HITPOINT WARNING * * *
You puncture the death knight!
The death knight is almost dead.
The death knight reflects your damage back at you!
* * * LOW HITPOINT WARNING * * *
You are no longer berserk.
You are exhausted.
You feel yourself slow down.
The death knight hits you with a +0 broad axe!
You die...

#......#............#......#
#......######.......#......#
#...........#.......#.......
########....#.......#.......
#....<.#....W...[...#.......
#......'........)[..........
#......#...WW...###........#
#......#####p#...≈...#.....#
#..........@#..#...#..#....#
#..........W#.##...##.#....#
#...........#..PPPPP..#....#
#...........#≈..P>P..≈#....#
#......#....#..PPPP...#....#
#......#....#.##..P##.######
#......######..#...#..#....'
#...........†#†..≈...#.....#
#...............###........#


You could see a death knight (reflects damage), 2 phantasmal warriors and a
freezing wraith.

Vanquished Creatures
  Harold (D:8)
  A hydra (D:11)
  A two-headed ogre (D:8)
  Erica (D:10)
  3 manticores (D:11)
  2 oklob plants (D:11)
  A gargoyle (D:10)
  A troll (D:11)
  A polar bear (D:9)
  A queen bee (D:10)
  A hornet (D:10)
  2 wraiths
  A wyvern (D:10)
  19 yaks
  3 hogs (D:10)
  2 steam dragons
  A human (D:10)
  A water moccasin (D:6)
  An acid dragon (D:10)
  A black bear (D:5)
  7 orc warriors
  4 ice beasts (D:9)
  An ogre (D:5)
  3 centaurs
  2 phantoms (D:6)
  Blork the orc (D:4)
  3 kobold brigands
  2 bullfrogs
  2 scorpions
  A water moccasin skeleton (D:6)
  28 killer bees
  4 wights (D:8)
  An electric eel (D:10)
  5 centaur zombies
  4 orc priests
  3 hounds
  A bullfrog skeleton (D:6)
  2 gnoll shamans
  5 jellies
  2 centaur skeletons (D:7)
  An iguana (D:6)
  7 orc wizards
  2 centaur simulacra (D:9)
  2 hound skeletons
  A killer bee simulacrum (D:9)
  A howler monkey zombie (D:9)
  10 gnolls
  A howler monkey skeleton (D:7)
  4 adders
  4 white imps
  A howler monkey simulacrum (D:9)
  2 ufetubi (D:9)
  3 dart slugs
  39 orcs
  4 ball pythons (D:1)
  8 endoplasms
  2 giant cockroaches (D:1)
  5 goblins
  3 hobgoblins
  21 kobolds
  2 quokkas
  5 bats
  2 frilled lizards (D:1)
  3 rats
259 creatures vanquished.

Vanquished Creatures (others)
  A river rat (D:10)
  2 plants (D:7)
3 creatures vanquished.

Grand Total: 262 creatures vanquished

Notes
Turn   | Place    | Note
-------+----------+-------------------------------------------
     0 | D:1      | MisterFreud the Gnoll Fighter began the quest for the Orb.
     0 | D:1      | Reached XP level 1. HP: 23/23 MP: 1/1
   136 | D:1      | Reached XP level 2. HP: 28/29 MP: 2/2
   318 | D:1      | Found a faded altar of an unknown god.
   333 | D:1      | Became a worshipper of Trog the Wrathful
   333 | D:1      | Reached * piety under Trog
   454 | D:1      | Reached XP level 3. HP: 21/35 MP: 2/4
   784 | D:1      | Reached skill level 1 in Invocations
  1069 | D:2      | Reached skill level 1 in Long Blades
  1069 | D:2      | Reached skill level 1 in Axes
  1069 | D:2      | Reached skill level 1 in Maces & Flails
  1069 | D:2      | Reached skill level 1 in Polearms
  1069 | D:2      | Reached skill level 1 in Staves
  1069 | D:2      | Reached skill level 1 in Slings
  1069 | D:2      | Reached skill level 1 in Bows
  1069 | D:2      | Reached skill level 1 in Crossbows
  1069 | D:2      | Reached skill level 1 in Throwing
  1069 | D:2      | Reached skill level 1 in Dodging
  1069 | D:2      | Reached skill level 1 in Stealth
  1069 | D:2      | Reached skill level 1 in Unarmed Combat
  1069 | D:2      | Reached skill level 1 in Spellcasting
  1069 | D:2      | Reached skill level 1 in Evocations
  1452 | D:3      | Reached XP level 4. HP: 41/41 MP: 5/5
  1740 | D:3      | Reached ** piety under Trog
  2041 | D:3      | Reached skill level 1 in Conjurations
  2041 | D:3      | Reached skill level 1 in Hexes
  2041 | D:3      | Reached skill level 1 in Summonings
  2041 | D:3      | Reached skill level 1 in Necromancy
  2041 | D:3      | Reached skill level 1 in Translocations
  2041 | D:3      | Reached skill level 1 in Transmutations
  2041 | D:3      | Reached skill level 1 in Fire Magic
  2041 | D:3      | Reached skill level 1 in Ice Magic
  2041 | D:3      | Reached skill level 1 in Air Magic
  2041 | D:3      | Reached skill level 1 in Earth Magic
  2041 | D:3      | Reached skill level 1 in Poison Magic
  2615 | D:4      | Found Atozalac's Armour Shoppe.
  2703 | D:4      | Noticed a scorpion
  2727 | D:4      | Killed a scorpion
  2728 | D:4      | Reached XP level 5. HP: 10/47 MP: 5/7
  3272 | D:4      | Noticed Blork the orc
  3283 | D:4      | Killed Blork the orc
  3284 | D:4      | Reached XP level 6. HP: 53/53 MP: 8/8
  3415 | D:4      | Found a bloodstained altar of Trog.
  3444 | D:5      | Entered Level 5 of the Dungeon
  3444 | D:5      | Noticed Duvessa
  3444 | D:5      | Noticed Dowan
  3497 | D:5      | Reached skill level 5 in Short Blades
  3878 | D:6      | Reached XP level 7. HP: 41/60 MP: 10/10
  4125 | D:6      | Identified the +5 ring mail "Cimponer" {rN+ Str+3}
  4502 | D:6      | Reached XP level 8. HP: 67/67 MP: 10/12
  5174 | D:5      | Reached *** piety under Trog
  5637 | D:7      | Found a shimmering blue altar of Sif Muna.
  5791 | D:7      | Reached XP level 9. HP: 66/73 MP: 14/14
  5830 | D:7      | Found a staircase to the Ecumenical Temple.
  5880 | Temple   | Entered the Ecumenical Temple
  6711 | D:8      | Found Focaul's Jewellery Shop.
  6746 | D:8      | Noticed Harold
  6766 | D:8      | Killed Harold
  6767 | D:8      | Reached skill level 5 in Invocations
  6774 | D:8      | Noticed a two-headed ogre
  6818 | D:8      | Killed a two-headed ogre
  6819 | D:8      | Reached XP level 10. HP: 80/80 MP: 15/17
  6823 | D:8      | Reached skill level 5 in Long Blades
  6823 | D:8      | Reached skill level 5 in Axes
  6823 | D:8      | Reached skill level 5 in Maces & Flails
  6823 | D:8      | Reached skill level 5 in Polearms
  6823 | D:8      | Reached skill level 5 in Staves
  6823 | D:8      | Reached skill level 5 in Slings
  6823 | D:8      | Reached skill level 5 in Bows
  6823 | D:8      | Reached skill level 5 in Crossbows
  6823 | D:8      | Reached skill level 5 in Throwing
  6823 | D:8      | Reached skill level 5 in Dodging
  6823 | D:8      | Reached skill level 5 in Stealth
  6823 | D:8      | Reached skill level 5 in Unarmed Combat
  6823 | D:8      | Reached skill level 5 in Spellcasting
  6823 | D:8      | Reached skill level 5 in Evocations
  6978 | D:8      | Found an ancient bone altar of Kikubaaqudgha.
  7649 | D:8      | Reached **** piety under Trog
  7678 | D:8      | Found a hazy altar of Hepliaklqana.
  8097 | D:9      | Found a staircase to the Orcish Mines.
  8262 | D:9      | Identified the +1 leather armour "Safranua" {rCorr Int-3
                  | Slay+2}
  8981 | D:10     | Entered Level 10 of the Dungeon
  9031 | D:10     | Reached XP level 11. HP: 49/87 MP: 19/19
  9167 | D:10     | Noticed Erica
  9177 | D:10     | Killed Erica
  9233 | D:10     | Reached skill level 5 in Conjurations
  9233 | D:10     | Reached skill level 5 in Hexes
  9233 | D:10     | Reached skill level 5 in Summonings
  9233 | D:10     | Reached skill level 5 in Necromancy
  9233 | D:10     | Reached skill level 5 in Translocations
  9233 | D:10     | Reached skill level 5 in Transmutations
  9233 | D:10     | Reached skill level 5 in Fire Magic
  9233 | D:10     | Reached skill level 5 in Ice Magic
  9233 | D:10     | Reached skill level 5 in Air Magic
  9233 | D:10     | Reached skill level 5 in Earth Magic
  9233 | D:10     | Reached skill level 5 in Poison Magic
  9766 | D:10     | Reached ***** piety under Trog
 10052 | D:10     | Paralysed by a hornet for 3 turns
 10058 | D:10     | Paralysed by a hornet for 2 turns
 11075 | D:11     | Noticed an oklob plant
 11083 | D:11     | Found a staircase to the Lair.
 11085 | D:11     | Noticed an oklob plant
 11089 | D:11     | Killed an oklob plant
 11154 | D:11     | Killed an oklob plant
 11280 | D:11     | Noticed a manticore
 11296 | D:11     | Killed a manticore
 11329 | D:11     | Noticed a phantasmal warrior
 11451 | D:11     | Found an opulent altar of Gozag.
 11505 | D:11     | Noticed a manticore
 11522 | D:11     | Killed a manticore
 11576 | D:11     | Noticed a seven-headed hydra
 11590 | D:11     | Killed a seven-headed hydra
 11591 | D:11     | Reached XP level 12. HP: 96/96 MP: 22/22
 12636 | D:11     | Noticed a death knight
 12673 | D:11     | Slain by a death knight

Illustrated notes

Levels and vault maps discovered:
D:1:      minmay_arrival_shoal_huts, layout_loops_ring,
          ebering_ecumenical_altar_webs
D:2:      layout_rooms, st_stairs_6
D:3:      layout_loops_corners, kennysheep_path_1
D:4:      layout_cave_pools, lightli_temple_of_fire, serial_shops, shop_statue,
          serial_park_tiny_2, uniq_blork_the_orc
D:5:      layout_rooms, minmay_holes, guppyfry_early_orc_mine, uniq_menkaure,
          uniq_duvessa
D:6:      layout_cave_pools
D:7:      layout_rooms, mainiacjoe_overflow_concentric_impassable,
          minmay_temple_entry_overgrown
D:8:      layout_basic, nicolae_overflow_hidden_temple, lemuel_tele_altar,
          serial_shops, shop, uniq_harold
D:9:      layout_irregular_city, orc_0_dummy, serial_ice, serial_ice_m,
          serial_ice_n, serial_ice_h, serial_ice_i, st_stairs_7,
          kennysheep_generic_room_5
D:10:     layout_basic, special_room [special_room_bee], grunt_livestock,
          uniq_erica
D:11:     layout_grid_maze, dpeg_oklobed_lair,
          nicolae_gozag_cash_rules_everything_around_me
Temple:   hc_temple_tempest_star

Skill      XL: |  1  2  3  4  5  6  7  8  9 10 11 12 |
---------------+-------------------------------------+-----
Invocations    | 1 2 3 4 5 6 7 |  7.7
Long Blades    | 1 2 3 4 5 6 7 |  7.1
Axes           | 1 2 3 4 5 6 7 |  7.1
Maces & Flails | 1 2 3 4 5 6 7 |  7.1
Polearms       | 1 2 3 4 5 6 7 |  7.1
Staves         | 1 2 3 4 5 6 7 |  7.1
Slings         | 1 2 3 4 5 6 7 |  7.1
Bows           | 1 2 3 4 5 6 7 |  7.1
Crossbows      | 1 2 3 4 5 6 7 |  7.1
Throwing       | 1 2 3 4 5 6 7 |  7.1
Dodging        | 1 2 3 4 5 6 7 |  7.1
Stealth        | 1 2 3 4 5 6 7 |  7.1
Unarmed Combat | 1 2 3 4 5 6 7 |  7.1
Spellcasting   | 1 2 3 4 5 6 7 |  7.1
Evocations     | 1 2 3 4 5 6 7 |  7.1
Conjurations   | 1 2 3 4 5 |  5.8
Hexes          | 1 2 3 4 5 |  5.8
Summonings     | 1 2 3 4 5 |  5.8
Necromancy     | 1 2 3 4 5 |  5.8
Translocations | 1 2 3 4 5 |  5.8
Transmutations | 1 2 3 4 5 |  5.8
Fire Magic     | 1 2 3 4 5 |  5.8
Ice Magic      | 1 2 3 4 5 |  5.8
Air Magic      | 1 2 3 4 5 |  5.8
Earth Magic    | 1 2 3 4 5 |  5.8
Poison Magic   | 1 2 3 4 5 |  5.8
Short Blades   | 5 6 7 8 |  8.5
Fighting       | 7 8 9 |  9.7
Armour         | 7 8 9 |  9.7
Shields        | 7 8 9 |  9.7

Action                   |  1- 3 |  4- 6 |  7- 9 | 10-12 || total
-------------------------+-------+-------+-------+-------++-------
Melee: Rapier            |    74 |       |       |       ||    74
       Bite              |    11 |    24 |    69 |   159 ||   263
       Dagger            |    23 |   164 |   164 |       ||   351
       Short sword       |       |       |   307 |  1152 ||  1459
Throw: Dart              |       |       |       |     1 ||     1
Invok: Trog's Hand       |       |     1 |     2 |     7 ||    10
       Berserk           |       |     2 |     8 |    19 ||    29
Evoke: Wand              |       |       |       |     7 ||     7
  Use: Scroll            |       |       |       |     8 ||     8
 Stab: Sleeping          |       |       |     1 |     3 ||     4
Armor: Scale mail        |    49 |    60 |    12 |       ||   121
       Ring mail         |       |       |   185 |   405 ||   590
Dodge: Dodged            |    30 |    40 |   200 |   456 ||   726
Block: Kite shield       |    47 |    68 |   294 |   635 ||  1044
